 Dungeon Crawl Stone Soup version 0.31-a0-851-g7ff8af7976 (webtiles) character file.

Game seed: 5236100019063122427

5170 GigaChad the Cleaver (level 10, 0/75 (77) HPs) *EXPLORE*
             Began as a Formicid Fighter on Oct 6, 2023.
             Was an Initiate of Gozag.
             Slain by a wight
             ... wielding a +0 short sword
              (4 damage)
             ... on level 8 of the Dungeon.
             The game lasted 00:10:50 (7834 turns).

GigaChad the Cleaver (Formicid Fighter)             Turns: 7834, Time: 00:10:51

HP:   0/75 (77)     AC: 19    Str: 24    XL:     10   Next: 90%
MP:   16/16         EV:  7    Int:  9    God:    Gozag
Gold: 60            SH:  6    Dex: 13    Spells: 17/17 levels left

rFire   . . .        a - +1 war axe
rCold   . . .        c - +0 buckler
rNeg    . . .        x - +2 plate armour {rPois}
rPois   +            (helmet unavailable)
rElec   .            (no cloak)
rCorr   .            (no gloves)
SInv    +            (no boots)
Will    +....        (no amulet) Stlth
                     h - +4 ring of protection
HPRegen 0.32/turn    (no ring)
MPRegen 0.15/turn

%: no passive effects
@: gold aura, lightly drained
A: permanent stasis, dig shafts and tunnels, antennae 3, four strong arms
a: Dig, Shaft Self, Renounce Religion, Potion Petition, Call Merchant, Bribe
Branch


You were on level 8 of the Dungeon.
You worshipped Gozag.
Gozag was noncommittal.
You visited 1 branch of the dungeon, and saw 8 of its levels.

You collected 754 gold pieces.
You spent 481 gold pieces at shops.
You paid 213 gold pieces to Gozag.

Inventory:

Hand Weapons
 a - a +1 war axe (weapon)
 y - the +5 trident "Nol Vodutz" {freeze, Will++}
   (You found it on level 7 of the Dungeon)

   Will++:    It greatly increases your willpower.
Missiles
 r - 2 throwing nets
Armour
 c - a +0 buckler (worn)
 x - a +2 plate armour of poison resistance (worn)
Jewellery
 h - a +4 ring of protection (left hand)
 w - an amulet of guardian spirit
Talismans
 v - a serpent talisman
Wands
 u - a wand of digging (6)
Scrolls
 g - a scroll of immolation
 k - 3 scrolls of identify
 l - 3 scrolls of summoning
 p - a scroll of acquirement {unknown}
 q - a scroll of fog
Potions
 b - a potion of degeneration {unknown}
 d - 2 potions of might
 e - 6 potions of heal wounds {unknown}
 f - 2 potions of mutation {unknown}
 i - a potion of berserk rage {unknown}
 j - a potion of attraction {unknown}
 m - a potion of brilliance {unknown}
 n - a potion of haste {unknown}
 o - 4 potions of curing {unknown}
 s - a potion of ambrosia {unknown}
 z - a potion of enlightenment {unknown}


   Skills:
 * Level 6.9 Fighting
 * Level 9.5 Axes
 * Level 8.2 Armour
 * Level 6.0 Stealth
 * Level 7.9 Shields
 * Level 4.4 Spellcasting
 * Level 1.2 Shapeshifting


You had 17 spell levels left.
You didn't know any spells.
Your spell library contained the following spells:

 Spells                   Type           Power      Damage    Failure   Level
 Cigotuvi's Dreadful Rot  Necr/Pois/Air  2%         N/A       99%         2
 Ensorcelled Hibernation  Hex/Ice        2%         N/A       99%         2
 Jinxbite                 Hex            2%         N/A       99%         2
 Lesser Beckoning         Tloc           2%         N/A       99%         2
 Passwall                 Tmut/Erth      0%         N/A       99%         2
 Poisonous Vapours        Pois/Air       2%         N/A       99%         2
 Gell's Gravitas          Tloc           1%         N/A       100%        3
 Hailstorm                Conj/Ice       1%         3d3       100%        3
 Ignite Poison            Fire/Tmut/Pois 1%         N/A       100%        3
 Inner Flame              Hex/Fire       1%         N/A       100%        3
 Mephitic Cloud           Conj/Pois/Air  1%         N/A       100%        3
 Stone Arrow              Conj/Erth      2%         3d7       100%        3
 Teleport Other           Tloc           1%         N/A       100%        3
 Anguish                  Hex/Necr       0%         N/A       100%        4
 Animate Armour           Summ/Erth      2%         N/A       100%        4
 Dispel Undead            Necr           1%         3d6       100%        4
 Flame Wave               Conj/Fire      1%         2d4       100%        4
 Sticky Flame             Conj/Fire      1%         2d3       100%        4
 Summon Ice Beast         Ice/Summ       1%         N/A       100%        4
 Freezing Cloud           Conj/Ice/Air   0%         6-21      100%        5
 Death Channel            Necr           0%         N/A       100%        6
 Ignition                 Fire           0%         3d3       100%        8
 Lehudib's Crystal Spear  Conj/Erth      0%         10d2      100%        8
 Swiftness                Air            Unusable   N/A       N/A         3
 Simulacrum               Ice/Necr       Unusable   N/A       N/A         6

Dungeon Overview and Level Annotations

Branches:
Dungeon (8/15)             Temple (0/1) D:7            Lair (0/5) D:8

Altars:
Dithmenos
Fedhas
Gozag
Hepliaklqana
Kikubaaqudgha
Sif Muna
Trog
Uskayaw
Xom
Zin

Shops:
D:5 *


Innate Abilities, Weirdness & Mutations

You cannot be hasted, slowed, berserked, paralysed or teleported.
You can dig through walls and to a lower floor.
You have a pair of large antennae on your head. (SInv)
Your four strong arms can wield two-handed weapons with a shield.


Message History

You closely miss the kobold brigand. You barely miss the wight.
You block the wight's attack.
The kobold brigand hits you but does no damage.
The bullfrog hits you but does no damage.
Your life force feels restored.
Your Stealth skill increases to level 6!
Your Shapeshifting skill increases to level 1!
You slash the bullfrog!
The bullfrog is almost dead.
You closely miss the kobold brigand. You closely miss the wight.
The bullfrog hits you but does no damage.
The wight hits you with a +0 short sword.
* * * LOW HITPOINT WARNING * * *
You feel drained.
* * * LOW HITPOINT WARNING * * *
The kobold brigand barely misses you.
The bullfrog hits you but does no damage.
The wight barely misses you. The kobold brigand closely misses you.
You barely miss the bullfrog.
The bullfrog is almost dead.
You barely miss the wight. You barely miss the kobold brigand.
The bullfrog hits you but does no damage.
The wight hits you but does no damage. The kobold brigand barely misses you.
The bullfrog hits you but does no damage.
Unknown command.
You hit the bullfrog.
The bullfrog is almost dead.
You barely miss the kobold brigand. You hit the wight but do no damage.
The bullfrog barely misses you. You block the wight's attack.
The kobold brigand hits you but does no damage.
The wight is distracted by your dazzling golden aura.
Unknown command.
You closely miss the bullfrog.
The bullfrog is almost dead.
You hit the wight. You slash the kobold brigand!
The bullfrog hits you but does no damage.
The kobold brigand closely misses you.
The wight hits you with a +0 short sword.
You die...
Your body crumbles into a pile of gold.

#.........#
#>........#
#........$# ######
{ #........$#
.....# #.........#
#....# #..KKzK...#
#....# ###
#..KFzK...#
#....###<#. #@#
#....+.#.##. ##.#
#....#.#.##.# #..#
###......##..##.##
.......### #....#
......########.##
..#.#.##......>#
....#.##.#######
#.###.##.#


You could see a kobold brigand, a bullfrog, 2 wights and 4 kobolds.

Vanquished Creatures
  A two-headed ogre (D:8)
  A hornet (D:7)
  Sigmund (D:2)
  A shadow (D:6)
  Eustachio (D:6)
  Grum (D:7)
  2 water moccasins
  Duvessa (D:7)
  An orc warrior (D:6)
  An ice beast (D:5)
  A sky beast (D:6)
  A black bear (D:6)
  2 ogres (D:6)
  2 wolves (D:7)
  2 centaurs
  A phantom (D:5)
  2 kobold brigands
  2 gnoll sergeants (D:7)
  A bullfrog (D:7)
  7 scorpions
  10 wights
  Dowan (D:7)
  3 killer bees (D:7)
  2 electric eels (D:6)
  11 hounds
  An orc priest (D:7)
  2 gnoll boudas (D:7)
  4 iguanas
  5 orc wizards
  13 adders
  17 gnolls
  A white imp (D:7)
  2 ufetubi
  4 worms
  3 dart slugs
  19 orcs
  6 ball pythons
  12 endoplasms
  4 giant cockroaches
  7 goblins
  6 hobgoblins
  11 jackals
  20 kobolds
  4 bats
  5 frilled lizards
  4 rats
209 creatures vanquished.

Notes
Turn   | Place    | Note
-------+----------+-------------------------------------------
     0 | D:1      | GigaChad the Formicid Fighter began the quest for the Orb.
     0 | D:1      | Reached XP level 1. HP: 18/18 MP: 1/1
     0 | D:1      | Entered explore mode.
    47 | D:1      | Reached XP level 2. HP: 23/24 MP: 2/2
   338 | D:1      | Reached XP level 3. HP: 29/29 MP: 3/3
  1016 | D:2      | Reached XP level 4. HP: 37/37 MP: 4/4
  1028 | D:2      | Noticed Sigmund
  1041 | D:2      | Killed from afar by Sigmund (6 damage)
                  | ... with a puff of flame
  1048 | D:2      | Killed Sigmund
  1049 | D:2      | Reached skill level 3 in Axes
  1049 | D:2      | Reached skill level 1 in Stealth
  1049 | D:2      | Reached skill level 1 in Spellcasting
  1049 | D:2      | Reached XP level 5. HP: 23/42 MP: 4/6
  1049 | D:2      | Reached XP level 6. HP: 26/48 MP: 4/7
  1320 | D:2      | Identified the +8 whip of the Whelk {vamp, rN+ Will+ SInv}
  1479 | D:2      | Reached skill level 4 in Axes
  1674 | D:3      | Found a blossoming altar of Fedhas.
  2067 | D:3      | Found a shimmering blue altar of Sif Muna.
  2074 | D:3      | Reached skill level 5 in Shields
  2597 | D:4      | Reached XP level 7. HP: 9/55 MP: 7/9
  2946 | D:4      | HP: 2/55 [gnoll/+0 spear (4)]
  2949 | D:4      | Reached skill level 5 in Axes
  2952 | D:4      | HP: 1/55 [gnoll/+0 spear (2)]
  2955 | D:4      | Slain by a gnoll
                  | ... wielding a +0 spear
                  | (3 damage)
  3270 | D:5      | Entered Level 5 of the Dungeon
  3344 | D:5      | Reached skill level 5 in Armour
  3345 | D:5      | HP: 2/55 [poisoned by a scorpion]
  3346 | D:5      | Reached XP level 8. HP: 3/61 MP: 9/11
  3346 | D:5      | Succumbed to a scorpion's poison
  3411 | D:5      | Slain by an iguana (8 damage)
  3685 | D:5      | Reached skill level 5 in Fighting
  3708 | D:5      | Reached skill level 6 in Axes
  3735 | D:5      | Found Eqegybb's General Store.
  4457 | D:6      | HP: 2/62 [electric eel/bolt of electricity (11)]
  4457 | D:6      | Killed from afar by an electric eel (7 damage)
                  | ... with a bolt of electricity
  4462 | D:6      | Killed from afar by an electric eel (10 damage)
                  | ... with a bolt of electricity
  4891 | D:6      | Reached XP level 9. HP: 53/68 MP: 11/13
  5222 | D:6      | Reached skill level 7 in Axes
  5259 | D:6      | Found a shimmering altar of Xom.
  6073 | D:6      | Noticed Eustachio
  6095 | D:6      | Killed Eustachio
  6096 | D:6      | Reached skill level 8 in Axes
  6137 | D:7      | Reached skill level 5 in Stealth
  6137 | D:7      | Reached XP level 10. HP: 25/76 MP: 15/15
  6146 | D:7      | Slain by a wolf (7 damage)
  6164 | D:7      | HP: 3/76 [wolf (2)]
  6164 | D:7      | Slain by a gnoll bouda
                  | ... wielding a +0 whip
                  | (5 damage)
  6204 | D:7      | HP: 3/76 [poisoned by a killer bee]
  6204 | D:7      | Slain by a killer bee (4 damage)
  6484 | D:7      | Found a shadowy altar of Dithmenos.
  6488 | D:7      | Found an ancient bone altar of Kikubaaqudgha.
  6492 | D:7      | Found a bloodstained altar of Trog.
  6492 | D:7      | Found a hazy altar of Hepliaklqana.
  6492 | D:7      | Found a glowing silver altar of Zin.
  6493 | D:7      | Found an opulent altar of Gozag.
  6493 | D:7      | Found a hide-covered altar of Uskayaw.
  6497 | D:7      | Reached skill level 9 in Axes
  6522 | D:7      | Became a worshipper of Gozag Ym Sagoz the Greedy
  6779 | D:7      | Found a staircase to the Ecumenical Temple.
  6807 | D:7      | Noticed Dowan
  6809 | D:7      | Noticed Duvessa
  6823 | D:7      | Killed Duvessa
  6826 | D:7      | Killed Dowan
  6921 | D:7      | Identified the +5 trident "Nol Vodutz" {freeze, Will++}
  7501 | D:7      | Noticed Grum
  7515 | D:7      | Killed Grum
  7600 | D:5      | Bought a +2 plate armour of poison resistance for 481 gold
                  | pieces
  7751 | D:8      | Found a staircase to the Lair.
  7806 | D:8      | Noticed a two-headed ogre
  7830 | D:8      | Killed a two-headed ogre
  7831 | D:8      | Reached skill level 1 in Shapeshifting
  7831 | D:8      | HP: 3/75 [wight/+0 short sword (1)]
  7834 | D:8      | Slain by a wight

Illustrated notes

Levels and vault maps discovered:
D:1:      nicolae_arrival_memento_mori, layout_basic, minmay_gold_behind_fungi
D:2:      layout_basic, uniq_sigmund
D:3:      layout_basic, fedhas_altar_1, mainiacjoe_overflow_paths
D:4:      layout_cave_pools
D:5:      layout_loops_ring, serial_glass, glass_columns_a, glass_columns_c,
          serial_shops, kennysheep_little_box
D:6:      kennysheep_six_static_rooms, layout_gridville, amcnicky_altar_gilded,
          serial_bayou_lagoon_a, uniq_eustachio
D:7:      layout_cave_pools, grunt_temple_overflow_open,
          minmay_temple_entry_glassed_door, serial_gnoll_camp,
          gnoll_camp_mini_house, grums_kennel, gnoll_camp_mini_loothouse,
          gnoll_camp_mini_basic, gnoll_camp_mini_basic, gnoll_camp_mini_house,
          st_stairs_8, uniq_duvessa
D:8:      layout_basic, lair_entry_dummy

Skill      XL: |  1  2  3  4  5  6  7  8  9 10 |
---------------+-------------------------------+-----
Fighting       | 4 5 6 |  6.9
Axes           | 3 4 5 6 8 9 |  9.5
Armour         | 4 5 6 7 8 |  8.2
Stealth        | 1 2 3 5 6 |  6.0
Spellcasting   | 1 2 3 4 |  4.4
Shields        | 5 6 7 |  7.9
Shapeshifting  | 1 |  1.2

Action                     |  1- 3 |  4- 6 |  7- 9 | 10-12 || total
---------------------------+-------+-------+-------+-------++-------
  Melee: War axe           |    72 |   160 |   315 |   219 ||   766
Ability: Dig               |       |       |     1 |     1 ||     2
    Use: Scroll            |       |     5 |     6 |     1 ||    12
 Armour: Scale mail        |     5 |       |       |       ||     5
         Chain mail        |    32 |   158 |   261 |       ||   451
         Plate armour      |       |       |   150 |   310 ||   460
  Dodge: Dodged            |    32 |    96 |   164 |   110 ||   402
  Block: Buckler           |    10 |    40 |   124 |   120 ||   294

Table legend: (Time is in decaauts)
 A = Elapsed time spent in this place.
 B = Non-inter-level travel time spent in this place.
 C = Inter-level travel time spent in this place.
 D = Time resting spent in this place.
 E = Time spent auto-exploring this place.
 F = Levels seen in this place.
 G = Mean time per level.
                   A        B        C        D        E       F      G
               +--------+--------+--------+--------+--------+-----+--------+
         Total |   8021 |   7723 |    298 |    492 |   5444 |   8 | 1002.6 |
       Dungeon |   8021 |   7723 |    298 |    492 |   5444 |   8 | 1002.6 |
               +--------+--------+--------+--------+--------+-----+--------+

Top non-repeatable levels by time:
     D:6: 2086 daAuts
     D:7: 1481 daAuts
     D:5: 985 daAuts
     D:2: 961 daAuts
     D:3: 942 daAuts
     D:1: 733 daAuts
     D:4: 731 daAuts
     D:8: 99 daAuts
